 Dungeon Crawl Stone Soup version 0.30.0-19-g36f170ea60 (webtiles) character file.

Game seed: 13078420954477559946

116 monsoonserge the Trooper (level 5, -4/55 HPs)
             Began as an Ogre Cinder Acolyte on May 31, 2023.
             Was a High Priest of Ignis.
             Succumbed to Crazy Yiuf's poison
             ... on level 2 of the Dungeon.
             The game lasted 00:04:40 (1887 turns).

monsoonserge the Trooper (Ogre Cinder Acolyte)      Turns: 1887, Time: 00:04:41

Health: -4/55      AC:  3    Str: 20    XL:     5   Next: 0%
Magic:  0/8        EV:  9    Int: 15    God:    Ignis [*****.]
Gold:   88         SH:  0    Dex:  4    Spells: 6/8 levels left

rFire   + + .        a - -1 mace (flame)
rCold   + . .        (no shield)
rNeg    + . .        l - +0 robe of Insecurity {rN+}
rPois   +            (helmet restricted)
rElec   +            (no cloak)
rCorr   +            (gloves unavailable)
SInv    .            (boots unavailable)
Will    .....        (no amulet)
Stlth   +            (no ring)
HPRegen 0.29/turn    (no ring)
MPRegen 0.11/turn

%: no passive effects
@: lethally poisoned (-4 -> -38), resistant
A: large, unfitting armour, tough skin 1
a: Renounce Religion, Fiery Armour, Foxfire Swarm, Rising Flame


You were on level 2 of the Dungeon.
You worshipped Ignis.
Ignis was extremely pleased with you.
You visited 1 branch of the dungeon, and saw 2 of its levels.

You collected 88 gold pieces.

Inventory:

Hand Weapons
 a - a -1 mace of flaming (weapon)
Missiles
 e - 5 javelins (quivered)
 g - a throwing net
Armour
 l - the +0 robe of Insecurity (worn) {rN+}
   (You found it on level 2 of the Dungeon)

   rN:        It protects you from negative energy.
Scrolls
 b - a scroll of acquirement {unknown}
 c - 2 scrolls of identify {unknown}
 f - 2 scrolls of enchant armour {unknown}
 i - 3 scrolls of teleportation {unknown}
 k - a scroll of blinking {unknown}
 m - a scroll of poison {unknown}
Potions
 d - a potion of brilliance {unknown}
 h - 2 potions of haste {unknown}
 j - a potion of heal wounds {unknown}
 n - a potion of berserk rage {unknown}


   Skills:
 + Level 4.9 Fighting
 + Level 3.4 Maces & Flails
 + Level 1.4 Dodging
 - Level 2.0 Spellcasting
 + Level 3.3 Fire Magic


You had 6 spell levels left.
You knew the following spells:

 Your Spells              Type           Power      Damage    Failure   Level
a - Scorch                Fire           22%        2d6       9%          2

Your spell library contained the following spells:

 Spells                   Type           Power      Damage    Failure   Level
 Apportation              Tloc           2%         N/A       22%         1
 Necrotise                Necr           4%         1d4       22%         1
 Summon Small Mammal      Summ           4%         N/A       22%         1


Dungeon Overview and Level Annotations

Branches:
Dungeon (2/15)

Altars:
Ru


Innate Abilities, Weirdness & Mutations

You are too large for most types of armour.
You have tough skin. (AC +1)


Message History

A giant cockroach comes into view.
The giant cockroach barely misses you.
You hit the giant cockroach. You burn the giant cockroach.
The giant cockroach is severely wounded.
The giant cockroach barely misses you. x2
You closely miss the giant cockroach. You punch the giant cockroach.
You kill the giant cockroach!
You have reached level 5!
Found a runed translucent door.
Okay, then.
Crazy Yiuf shouts!
You open the door.
Casting: Scorch (safe; 9% risk of failure)
Confirm with . or Enter, or press ? or * to list all spells.
Flames lash Crazy Yiuf.
Crazy Yiuf is moderately wounded.
Crazy Yiuf's fire resistance burns away.
Crazy Yiuf hits you with a +4 quarterstaff of chaos!
You are poisoned.
Casting: Scorch (safe; 9% risk of failure)
Confirm with . or Enter, or press ? or * to list all spells.
Flames lash Crazy Yiuf.
Crazy Yiuf is burned terribly!
Crazy Yiuf is severely wounded.
You feel very sick.
Crazy Yiuf hits you with a +4 quarterstaff of chaos!!
You are lethally poisoned!
Casting: Scorch (safe; 9% risk of failure)
Confirm with . or Enter, or press ? or * to list all spells.
Flames lash Crazy Yiuf.
Crazy Yiuf is burned terribly!
Crazy Yiuf is almost dead.
* * * LOW HITPOINT WARNING * * *
You feel extremely sick.
Crazy Yiuf hits you with a +4 quarterstaff of chaos.
* * * LOW HITPOINT WARNING * * *
You feel protected.
Casting: Scorch (safe; 9% risk of failure)
Confirm with . or Enter, or press ? or * to list all spells.
Flames lash Crazy Yiuf.
Crazy Yiuf is burned terribly!
You kill Crazy Yiuf!
You die...

..# #.# #.# #.#
..# #.# #.#
#.###### ..# #.#
#.# #......#
..####.# ###
######.# .......#
#.## ..######
♣♣♣♣♣##..# ..#
### ♣♣♣.♣...##.#
#.#
#...#♣..♣.......#
#.########
#...)@♣♣♣♣......#
#........#
#)..#♣♣ ♣♣..#.##
########## ###
♣♣####


There were no monsters in sight!

Vanquished Creatures
  Crazy Yiuf (D:2)
  Jessica (D:2)
  4 adders
  3 worms (D:2)
  A dart slug (D:2)
  8 bats
  3 endoplasms
  3 giant cockroaches
  5 goblins
  3 hobgoblins (D:1)
  3 ball pythons
  2 frilled lizards
  3 kobolds (D:1)
  6 rats
46 creatures vanquished.

Notes
Turn   | Place    | Note
-------+----------+-------------------------------------------
     0 | D:1      | monsoonserge the Ogre Cinder Acolyte began the quest for
                  | the Orb.
     0 | D:1      | Reached XP level 1. HP: 24/24 MP: 2/2
   195 | D:1      | Reached XP level 2. HP: 21/32 MP: 3/3
   205 | D:1      | Learned a level 2 spell: Scorch
   832 | D:1      | Reached XP level 3. HP: 29/40 MP: 1/4
  1112 | D:2      | Reached skill level 1 in Dodging
  1116 | D:2      | Identified the +0 robe of Insecurity {rN+}
  1127 | D:2      | Reached XP level 4. HP: 18/49 MP: 1/6
  1289 | D:2      | Noticed Jessica
  1294 | D:2      | Killed Jessica
  1558 | D:2      | Found a sacrificial altar of Ru.
  1868 | D:2      | Reached XP level 5. HP: 55/55 MP: 8/8
  1877 | D:2      | Found a runed translucent door.
  1878 | D:2      | Noticed Crazy Yiuf
  1887 | D:2      | Killed Crazy Yiuf
  1887 | D:2      | Succumbed to Crazy Yiuf's poison

Illustrated notes

Levels and vault maps discovered:
D:1:      lemuel_arrival_tunnels, layout_basic, minivault_24
D:2:      layout_loops_ring, minmay_hexomino_r4, uniq_jessica,
          uniq_crazy_yiuf_cottage

Skill      XL: |  1  2  3  4 |
---------------+-------------+-----
Maces & Flails | 3 |  3.4
Fire Magic     | 3 |  3.3
Dodging        | 1 |  1.4
Spellcasting   | 2 |  2.0
Fighting       | |  4.9

Action                     |  1- 3 |  4- 6 || total
---------------------------+-------+-------++-------
  Melee: Mace              |    93 |    29 ||   122
         Punch             |       |     2 ||     2
   Cast: Scorch            |    10 |    15 ||    25
 Armour: Robe              |    43 |     9 ||    52
  Dodge: Dodged            |    59 |    10 ||    69
